 Dungeon Crawl Stone Soup version 0.23.0 (webtiles) character file.

Game seed: 12101567173360721220

211 Revguard the Slasher (level 5, 0/43 HPs)
             Began as a Demonspawn Gladiator on Feb 19, 2019.
             Slain by Sigmund
             ... wielding a +0 scythe
              (2 damage)
             ... on level 3 of the Dungeon.
             The game lasted 00:07:40 (2271 turns).

Revguard the Slasher (Demonspawn Gladiator)         Turns: 2271, Time: 00:07:40

Health: 0/43       AC:  7    Str: 14    XL:     5   Next: 57%
Magic:  5/5        EV: 13    Int:  9    God:
Gold:   52         SH:  0    Dex: 16    Spells: 4/4 levels left

rFire    . . .     SeeInvis .   a - +0 long sword
rCold    + . .     Gourm    .   (no shield)
rNeg     . . .     Faith    .   b - +0 leather armour
rPois    .         Spirit   .   c - +0 helmet
rElec    .         Reflect  .   (no cloak)
rCorr    .         Harm     .   h - +0 pair of gloves
MR       .....                  (no boots)
Stlth    +.........             (no amulet)
HPRegen  0.14/turn              g - ring of protection from cold
MPRegen  0.09/turn              (no ring)

@: flying
A: talons 1, rugged brown scales 2
a: no special abilities


You were on level 3 of the Dungeon.
You were near starving.

You visited 1 branch of the dungeon, and saw 3 of its levels.
You also visited: Sewer.

You collected 52 gold pieces.

Inventory:

Hand Weapons
 a - a +0 long sword (weapon)
Missiles
 d - 3 throwing nets (quivered)
Armour
 b - a +0 leather armour (worn)
 c - a +0 helmet (worn)
 h - a +0 pair of gloves (worn)
Jewellery
 g - a ring of protection from cold (left hand)
Wands
 i - a wand of iceblast (10)
Scrolls
 e - 2 scrolls of identify
 k - a scroll of amnesia {unknown}
Potions
 j - a potion of flight
Comestibles
 f - 3 rations


   Skills:
 + Level 3.1 Fighting
 + Level 4.2 Long Blades
 - Level 1.7 Throwing
 + Level 1.8 Armour
 + Level 3.4 Dodging
 + Level 0.4 Stealth


You had 4 spell levels left.
You didn't know any spells.
Your spell library was empty.

Dungeon Overview and Level Annotations

Branches:
Dungeon (3/15)

Altars:

Annotations:
D:3 Sigmund


Innate Abilities, Weirdness & Mutations

You have sharp toenails.
You are mostly covered in rugged brown scales. (AC +2, +5% HP)


Message History

You barely miss something.
You hear some strange, mumbled words.
You are confused.
You miss something. You claw something. Something barely misses you.
Something hits you!
* * * LOW HITPOINT WARNING * * *
You see here a bat corpse.
Something hits you!
* * * LOW HITPOINT WARNING * * *
You're too confused!
You bump into the translucent rock wall.
Something hits you but does no damage.
You bump into the translucent rock wall.
You barely miss something. You claw something.
You feel less confused. Something barely misses you.
You barely miss something. Your kick misses something.
Something barely misses you.
You miss something. Your kick misses something. Something hits you.
You die...

*******############
*,,,,,,,..........####
****,*******#...........#
,,**,***#####..#######.#*
,,>,,*,,.?....g#@≈≈≈≈#.#
*,*,,*,**###..g'†≈.≈≈#.#
*,,,,,,* #...#≈≈≈≈≈#.#
*,*,,*,* #...#######.#
,,,,,#,* #...........#
***#.#.#####...#?.##.###
_,*#[.........#.#.#,.#
,,,######.######...#.#***
⌠,,#.........#**#.#...,,**


You could see 2 hobgoblins.

Vanquished Creatures
  A big kobold (Sewer)
  Ijyb (D:3)
  5 adders
  3 worms (D:2)
  3 dart slugs
  A ball python (D:2)
  4 giant cockroaches
  7 goblins
  4 hobgoblins
  4 jackals
  8 bats
  8 kobolds
  9 rats
58 creatures vanquished.

Notes
Turn   | Place    | Note
-------+----------+-------------------------------------------
     0 | D:1      | Revguard the Demonspawn Gladiator began the quest for the
                  | Orb.
     0 | D:1      | Reached XP level 1. HP: 16/16 MP: 1/1
   207 | D:1      | Reached skill level 3 in Long Blades
   207 | D:1      | Gained mutation: You are partially covered in rugged brown
                  | scales. (AC +1, +3% HP) [demonic ancestry]
   207 | D:1      | Reached XP level 2. HP: 13/22 MP: 2/2
   679 | D:2      | Gained mutation: You have sharp toenails. [demonic
                  | ancestry]
   679 | D:2      | Reached XP level 3. HP: 8/27 MP: 3/3
  1185 | D:2      | Gained mutation: You are mostly covered in rugged brown
                  | scales. (AC +2, +5% HP) [demonic ancestry]
  1185 | D:2      | Reached XP level 4. HP: 25/35 MP: 4/4
  1467 | D:3      | Noticed Ijyb
  1482 | D:3      | Killed Ijyb
  1523 | D:3      | Noticed Sigmund
  1538 | D:3      | Found a glowing drain.
  1553 | D:3      | Reached skill level 4 in Long Blades
  1553 | D:3      | Reached skill level 1 in Armour
  1564 | Sewer    | Entered a sewer
  1888 | Sewer    | Noticed a big kobold
  1894 | Sewer    | Reached XP level 5. HP: 42/42 MP: 5/5
  2200 | Sewer    | Found a white marble altar of Elyvilon.
  2266 | D:3      | HP: 1/43 [something (8)]
  2271 | D:3      | Slain by Sigmund

Skill      XL: |  1  2  3  4  5 |
---------------+----------------+-----
Long Blades    | 3 4 |  4.2
Dodging        | 3 |  3.4
Armour         | 1 |  1.8
Fighting       | 3 |  3.1
Throwing       | |  1.7
Stealth        | |  0.4

Action                   |  1- 3 |  4- 6 || total
-------------------------+-------+-------++-------
Melee: Long sword        |    85 |    78 ||   163
       Kick              |    14 |    27 ||    41
  Use: Potion            |     4 |     4 ||     8
       Scroll            |       |     3 ||     3
 Stab: Sleeping          |       |     1 ||     1
  Eat: Chunk             |     1 |     2 ||     3
Armor: Leather armour    |    26 |    49 ||    75
Dodge: Dodged            |    78 |    80 ||   158
       Rpst.: Long sword |    33 |    23 ||    56
